Map: Cerulean Fall LE

Players

OldGregg

  • Race: Zerg Zerg
  • League: Platinum
  • Spawn Location: 1:00

HAMMERSMASH - Winner!

  • Race: Terran Terran
  • League: Platinum
  • Spawn Location: 7:00

VOD

Have the link to the VOD?

Description

Time

  • Played on: Dec. 1, 2018, 4:47 p.m.
  • Length: 10:38
Show
View Real Time Build Order
Export as new Build Order

OldGregg Zerg 

Build Orders: Pool First 

Get SALT Encoding   

  12  0:02  Drone  
  13  0:14  Overlord  
  13  0:20  Drone  
  14  0:32  Drone x2  
  16  0:52  Spawning Pool  
  15  1:02  Drone x3  
  18  1:17  Overlord  
  18  1:33  Extractor  
  18  1:39  Zergling x4  
  19  1:47  Zergling x2  
  20  2:03  Zergling x2  
  21  2:15  Zergling x2  
  21  2:21  Zergling x2  
  22  2:34  Spine Crawler x2  
  20  2:42  Zergling x4  
  21  2:50  Drone  
  21  2:55  Hatchery  
  21  2:56  Spine Crawler  
  18  2:59  Spine Crawler  
  17  3:09  Roach Warren  
  16  3:19  Zergling x2  
  17  3:20  Zergling x2  
  17  3:30  Zergling x2  
  18  3:36  Zergling x2  
  19  3:44  Queen  
  21  3:55  Zergling x2  
  21  3:56  Zergling x2  
  23  4:06  Roach  
  23  4:09  Roach  
  27  4:23  Queen  
  29  4:39  Drone x2  
  29  4:40  Extractor  
  29  4:41  Drone  
  31  4:56  Roach  
  33  5:11  Queen  
  35  5:24  Overlord  
  35  5:40  Baneling Nest  
  35  5:41  Drone x2  
  36  5:56  Ravager  
  36  5:57  Ravager  
  38  5:58  Ravager  
  39  6:06  Drone x3  
  42  6:36  Roach  
  42  6:48  Overlord x3  
  42  7:03  Lair  
  42  7:06  Drone x2  
  44  7:17  Ravager  
  43  7:36  Roach x4  
  47  7:53  Roach x3  
  50  8:14  Ravager  
  50  8:15  Ravager x3  
  54  8:32  Zergling x2  
  54  8:33  Zergling x10  
  59  8:42  Nydus Network  
  58  9:04  Zergling x2  
  58  9:06  Overlord x3  
  59  9:15  Overlord  
  45  9:30  Nydus Canal  
  45  9:44  Drone x2  
  45  9:45  Drone x4  
  50  10:15  Hatchery  
Show
View Real Time Build Order
Export as new Build Order

HAMMERSMASH Terran - Winner!

Build Orders:  

Get SALT Encoding   

  12  0:01  SCV  
  13  0:13  SCV  
  14  0:20  Supply Depot  
  14  0:26  SCV  
  15  0:42  SCV  
  16  0:50  Barracks  
  16  1:03  SCV  
  16  1:04  Barracks  
  15  1:15  SCV  
  16  1:19  Refinery  
  15  1:27  SCV  
  16  1:34  Engineering Bay  
  16  1:42  SCV  
  17  1:53  Supply Depot  
  17  1:56  SCV  
  18  2:05  Marine  
  19  2:23  Marine  
  19  2:27  SCV  
  21  2:35  Bunker  
  21  2:40  Marine  
  21  2:52  Marine  
  21  2:54  Bunker  
  22  2:58  Marine  
  22  3:05  Planetary Fortress  
  20  3:30  Factory  
  20  3:37  Marine x2, Barracks  
  22  3:45  SCV  
  23  3:54  Supply Depot  
  23  3:57  Barracks Tech Lab  
  23  3:59  Barracks Reactor  
  23  4:15  SCV  
  24  4:19  Factory Tech Lab  
  24  4:27  SCV  
  25  4:31  Starport  
  25  4:40  SCV  
  25  4:45  Marine x3  
  27  4:46  Marine  
  30  4:55  SCV  
  30  4:57  Refinery  
  31  5:10  Bunker  
  31  5:17  SCV  
  31  5:35  Barracks Tech Lab  
  31  5:38  Supply Depot  
  31  5:47  Liberator  
  31  5:49  Bunker  
  31  6:00  Marine, Siege Tank  
  38  6:12  Missile Turret  
  38  6:15  SCV  
  39  6:54  Marine  
  39  7:10  Supply Depot  
  39  7:16  Command Center  
  39  7:32  Viking, SCV, Siege Tank  
  45  7:44  Liberator, SCV  
  41  7:56  SCV  
  41  7:58  Marine  
  46  8:08  SCV  
  47  8:27  Marine, Siege Tank  
  47  8:29  Planetary Fortress  
  47  8:33  Missile Turret, SCV  
  52  8:45  Marine, SCV  
  54  8:49  Starport Tech Lab  
  54  8:57  SCV  
  54  8:59  Siege Tank  
  58  9:03  Marine  
  58  9:09  SCV  
  55  9:20  Marine  
  55  9:21  SCV  
  57  9:31  Siege Tank  
  60  9:38  Marine  
  60  9:40  Supply Depot  
  61  9:47  SCV  
  62  10:02  SCV, Supply Depot  
  62  10:04  Siege Tank  
  68  10:25  Supply Depot  
Tags
 
Add a new tag
Caveats
  • Supply blocks, unpowered buildings, or Contaminate may cause inaccurate times.
  • Supply counts are checked every 10 seconds.